 Dungeon Crawl Stone Soup version 0.30-a0-859-gf88a04b62d (webtiles) character file.

Game seed: 5694972295572285180

92 jasper the Trooper (level 4, -1/52 HPs)
             Began as a Demonspawn Fighter on Mar 6, 2023.
             Succumbed to Ijyb's poison
             ... on level 3 of the Dungeon.
             The game lasted 00:03:25 (2160 turns).

jasper the Trooper (Demonspawn Fighter)             Turns: 2160, Time: 00:03:25

Health: -1/52      AC: 22    Str: 16 (19) XL:     4   Next: 35%
Magic:  13/13      EV:  2    Int:  7 (9)  God:
Gold:   132        SH:  4    Dex: 10 (12) Spells: 3/3 levels left

rFire   . . .      SeeInvis .    a - +0 war axe
rCold   . . .      Faith    .    c - +0 buckler
rNeg    . . .      Spirit   .    l - melded +0 plate armour
rPois   +          Reflect  .    (helmet currently unavailable)
rElec   .          Rampage  .    (cloak currently unavailable)
rCorr   .          NoTele   +    (gloves currently unavailable)
Will    .....                    (boots currently unavailable)
Stlth   +                        (no amulet)
HPRegen 0.28/turn                t - ring of magical power
MPRegen 0.13/turn                (no ring)

@: mighty, lethally poisoned (-1 -> -10), tree-form
A: stationary, stasis, torment immunity, boosted hp, (antennae 1), foul stench 1
a: no special abilities


You were on level 3 of the Dungeon.
You were a tree.
You visited 1 branch of the dungeon, and saw 3 of its levels.

You collected 132 gold pieces.

Inventory:

Hand Weapons
 a - a +0 war axe (weapon)
 h - a +0 whip
Missiles
 j - 5 stones (quivered)
 s - 3 poisoned darts
Armour
 b - a +0 scale mail
 c - a +0 buckler (worn)
 f - a +0 helmet
 i - a +0 chain mail
 l - a +0 plate armour (melded)
Jewellery
 t - a ring of magical power (left branch)
Potions
 g - 4 potions of flight
 q - a potion of heal wounds {unknown}


   Skills:
 + Level 3.5 Fighting
 * Level 3.0 Axes
 + Level 3.2 Armour
 + Level 3.2 Shields


You had 3 spell levels left.
You didn't know any spells.
Your spell library contained the following spells:

 Spells                   Type           Power      Damage    Failure   Level
 Cigotuvi's Dreadful Rot  Necr/Pois/Air  0%         N/A       67%         2
 Poisonous Vapours        Pois/Air       0%         N/A       67%         2
 Gell's Gravitas          Tloc           0%         N/A       88%         3
 Mephitic Cloud           Conj/Pois/Air  0%         N/A       88%         3
 Teleport Other           Tloc           0%         N/A       88%         3
 Dispersal                Tloc           0%         N/A       100%        6


Dungeon Overview and Level Annotations

Branches:
Dungeon (3/15)

Altars:

Annotations:
D:3 Ijyb


Innate Abilities, Weirdness & Mutations

You are a tree.
Your roots penetrate the ground, keeping you stationary.
You cannot be teleported.
You are immune to unholy pain and torment.
Your maximum health is greatly increased.
Your equipment is partially melded.
((You have a pair of small antennae on your head.))
You may rarely emit foul miasma when damaged in melee.


Message History

You are more poisoned.
You take 6 damage, and have 12/35 hp.
You miss Ijyb.
Ijyb is moderately wounded.
* * * LOW HITPOINT WARNING * * *
You feel extremely sick. Ijyb hits you but does no damage.
Ijyb grins evilly.
Ijyb hits you with a +0 dagger of venom.
* * * LOW HITPOINT WARNING * * *
You are more poisoned.
You take 9 damage, and have 3/35 hp.
MASSIVE DAMAGE!!
You feel better. Ijyb hits you but does no damage.
You are lethally poisoned!
You regained 5 hp, and now have 8/35 hp.
It was a potion of magic.
Magic courses through your body.
* * * LOW HITPOINT WARNING * * *
You feel very sick. Ijyb hits you but does no damage.
You take 3 damage, and have 5/35 hp.
It was a potion of degeneration.
There was something very wrong with that liquid.
You feel weakened.
You feel dopey.
You feel clumsy.
* * * LOW HITPOINT WARNING * * *
You feel sick.
Ijyb hits you with a +0 dagger of venom.
* * * LOW HITPOINT WARNING * * *
You emit a cloud of foul miasma!
You take 3 damage, and have 2/35 hp.
You barely miss Ijyb.
Ijyb is moderately wounded.
* * * LOW HITPOINT WARNING * * *
You feel sick.
Ijyb is engulfed in dark miasma.
Ijyb is poisoned.
Ijyb hits you but does no damage.
You are more poisoned.
You take 1 damage, and have 1/35 hp.
It was a potion of lignification.
You turn into a tree.
Your +0 plate armour melds into your body.
Your roots penetrate the ground.
You die...

## .# .# .#
##############.#
#......g.......#
#g###########.....
#♣# #.....
#.####### #.....
#......<# #.....
######### #.....
#..... #.....


You could see Ijyb (poisoned).

Vanquished Creatures
  Robin (D:2)
  3 adders (D:2)
  2 worms (D:2)
  3 dart slugs
  A ball python (D:1)
  A bat (D:2)
  5 endoplasms
  7 goblins (D:2)
  6 hobgoblins
  4 quokkas
  2 frilled lizards
  3 kobolds
  A rat (D:2)
39 creatures vanquished.

Vanquished Creatures (others)
  2 plants (D:2)
2 creatures vanquished.

Grand Total: 41 creatures vanquished

Notes
Turn   | Place    | Note
-------+----------+-------------------------------------------
     0 | D:1      | jasper the Demonspawn Fighter began the quest for the Orb.
     0 | D:1      | Reached XP level 1. HP: 18/18 MP: 1/1
   423 | D:1      | Gained mutation: You may rarely emit foul miasma when
                  | damaged in melee. [demonic ancestry]
   423 | D:1      | Reached XP level 2. HP: 20/24 MP: 2/2
  1108 | D:2      | Reached XP level 3. HP: 29/29 MP: 3/3
  1315 | D:2      | Noticed Robin
  1327 | D:2      | Killed Robin
  1367 | D:2      | Gained mutation: You have a pair of small antennae on your
                  | head. [demonic ancestry]
  1367 | D:2      | Reached XP level 4. HP: 30/35 MP: 4/4
  2129 | D:3      | Noticed Ijyb
  2159 | D:3      | HP: 1/35 [poisoned by Ijyb]
  2160 | D:3      | Succumbed to Ijyb's poison

Illustrated notes

Levels and vault maps discovered:
D:1:      roderic_octagonal_star, layout_loops_corners, grunt_decor_fettered
D:2:      layout_basic, serial_bayou_pond_a, minmay_indecisive_spiral,
          uniq_robin
D:3:      layout_basic, grunt_decor_one_mirror, uniq_ijyb, uniq_sigmund

Skill      XL: |  1  2  3  4 |
---------------+-------------+-----
Axes           | 2 3 |  3.0
Shields        | 3 |  3.2
Armour         | 3 |  3.2
Fighting       | |  3.5

Action                     |  1- 3 |  4- 6 || total
---------------------------+-------+-------++-------
  Melee: War axe           |    88 |    33 ||   121
  Throw: Dart              |    25 |       ||    25
         Stone             |     4 |     1 ||     5
    Use: Scroll            |     1 |     4 ||     5
         Potion            |       |     5 ||     5
 Armour: Chain mail        |    13 |       ||    13
         Scale mail        |     2 |       ||     2
         Plate armour      |    29 |    21 ||    50
  Dodge: Dodged            |    12 |    10 ||    22
  Block: Buckler           |    20 |     6 ||    26

Table legend: (Time is in decaauts)
 A = Elapsed time spent in this place.
 B = Non-inter-level travel time spent in this place.
 C = Inter-level travel time spent in this place.
 D = Time resting spent in this place.
 E = Time spent auto-exploring this place.
 F = Levels seen in this place.
 G = Mean time per level.
                   A        B        C        D        E       F      G
               +--------+--------+--------+--------+--------+-----+--------+
         Total |   2224 |   2166 |     58 |      6 |   1701 |   3 |  741.3 |
       Dungeon |   2224 |   2166 |     58 |      6 |   1701 |   3 |  741.3 |
               +--------+--------+--------+--------+--------+-----+--------+

Top non-repeatable levels by time:
     D:2: 1145 daAuts
     D:1: 1021 daAuts
     D:3: 57 daAuts
